 Dungeon Crawl Stone Soup version 0.30-a0-373-gd37427bb62 (webtiles) character file.

Game seed: 12591917792515926627

2742 NinjaNoafa the Severer (level 9, -7/72 HPs)
             Began as a Hill Orc Fighter on Nov 23, 2022.
             Was a Follower of Beogh.
             Mangled by a two-headed ogre
             ... wielding a +0 giant club
              (19 damage)
             ... on level 8 of the Dungeon.
             The game lasted 00:11:11 (7483 turns).

NinjaNoafa the Severer (Hill Orc Fighter)           Turns: 7483, Time: 00:11:12

Health: -7/72      AC: 10    Str: 23    XL:     9   Next: 68%
Magic:  9/9        EV:  7    Int: 14    God:    Beogh [*.....]
Gold:   350        SH:  4    Dex: 10    Spells: 8/8 levels left

rFire   . . .      SeeInvis .    K - +1 war axe (elec)
rCold   . . .      Faith    .    c - +0 buckler
rNeg    . . .      Spirit   .    C - +0 chain mail
rPois   .          Reflect  .    (no helmet)
rElec   .          Harm     .    s - +0 cloak
rCorr   .          Rampage  .    (no gloves)
Will    .....                    (no boots)
Stlth   ..........               (no amulet)
HPRegen 0.32/turn                x - ring of flight
MPRegen 0.11/turn                J - +6 ring of intelligence

@: flying
A: no striking features
a: Renounce Religion


You were on level 8 of the Dungeon.
You worshipped Beogh.
Beogh was aware of your devotion.
You visited 2 branches of the dungeon, and saw 9 of its levels.

You collected 386 gold pieces.
You spent 36 gold pieces at shops.

Inventory:

Hand Weapons
 K - a +1 war axe of electrocution (weapon)
Missiles
 f - 70 stones
 n - 5 curare-tipped darts
 o - 4 javelins (quivered)
 p - 46 poisoned darts
 B - 4 boomerangs
 L - 3 atropa-tipped darts
 M - 2 datura-tipped darts
Armour
 c - a +0 buckler (worn)
 s - a +0 cloak (worn)
 C - a +0 chain mail (worn)
Jewellery
 x - a ring of flight (left hand)
 J - a +6 ring of intelligence (right hand)
Wands
 z - a wand of charming (12)
 G - a wand of flame (11)
Scrolls
 a - 3 scrolls of fear {unknown}
 b - a scroll of silence {unknown}
 e - 2 scrolls of torment {unknown}
 g - 4 scrolls of noise {unknown}
 h - 4 scrolls of identify {unknown}
 k - 2 scrolls of immolation
 q - 2 scrolls of poison {unknown}
 v - a scroll of magic mapping {unknown}
 w - 5 scrolls of teleportation
 y - a scroll of summoning {unknown}
 A - a scroll of enchant armour {unknown}
 F - a scroll of enchant weapon {unknown}
 H - 2 scrolls of fog {unknown}
Potions
 d - a potion of might
 i - 3 potions of curing {unknown}
 j - a potion of magic {unknown}
 l - 3 potions of heal wounds {unknown}
 m - a potion of haste {unknown}
 r - a potion of resistance {unknown}
 t - 3 potions of attraction {unknown}
 u - 2 potions of flight {unknown}
 D - a potion of invisibility {unknown}
 E - a potion of lignification {unknown}
 I - a potion of degeneration {unknown}


   Skills:
 + Level 4.3 Fighting
 - Level 16.0 Axes
 + Level 4.0 Armour
 + Level 4.0 Shields


You had 8 spell levels left.
You didn't know any spells.
Your spell library contained the following spells:

 Spells                   Type           Power      Damage    Failure   Level
 Freeze                   Ice            0%         1d3       96%         1
 Ensorcelled Hibernation  Hex/Ice        0%         N/A       99%         2
 Call Canine Familiar     Summ           0%         N/A       100%        3
 Frozen Ramparts          Ice            0%         1d1       100%        3
 Hailstorm                Conj/Ice       0%         3d3       100%        3
 Portal Projectile        Hex/Tloc       0%         N/A       100%        3
 Spider Form              Tmut/Pois      0%         N/A       100%        3
 Anguish                  Hex/Necr       0%         N/A       100%        4
 Leda's Liquefaction      Hex/Erth       0%         N/A       100%        4
 Passage of Golubria      Tloc           0%         N/A       100%        4
 Silence                  Hex/Air        0%         N/A       100%        5
 Lehudib's Crystal Spear  Conj/Erth      0%         10d2      100%        8


Dungeon Overview and Level Annotations

Branches:
Dungeon (8/15)             Temple (1/1) D:7
   Lair: D:8-11

Altars:
Ashenzari
Cheibriados
Dithmenos
Elyvilon
Fedhas
Gozag
Hepliaklqana
Kikubaaqudgha
Makhleb
Nemelex Xobeh
Okawaru
Qazlal
Ru
Sif Muna
Trog
Uskayaw
Vehumet
Wu Jian
Xom
Zin
The Shining One

Shops:
D:4 *

Annotations:
D:5 1 runed translucent door, Crazy Yiuf


Message History

Beogh accepts your kill.
Your Armour skill increases to level 4!
Your Shields skill increases to level 4!
Found a war axe.
Found a blossoming altar of Fedhas.
You reach down and open the door.
There is an open door here.
Done exploring.
Okay, then.
Done exploring.
Done exploring.
(D) Dungeon (T) Temple
Where to? (Enter - D:7, ? - help)
There is a stone staircase leading down here.
You fly downwards.
The two-headed ogre shouts in stereo!
Found a scroll labelled YBLUENWYZAC.
Found a stone staircase leading down.
There is a stone staircase leading up here.
A two-headed ogre is nearby!
A two-headed ogre is nearby!
A two-headed ogre is nearby!
The two-headed ogre hits you with a +0 giant club! x2
You slash the two-headed ogre!
The two-headed ogre is lightly wounded.
You slash the two-headed ogre!
The two-headed ogre is moderately wounded.
You slash the two-headed ogre!
Lightning courses through the two-headed ogre!
The two-headed ogre is severely wounded.
The two-headed ogre closely misses you.
The two-headed ogre hits you with a +0 giant club!
Aiming: Throw Flame
Press: ? - help, Shift-Dir - straight line, f - two-headed ogre
Aim: a two-headed ogre, wielding two +0 giant clubs (heavily wounded, 85% to hit)
The puff of flame hits the two-headed ogre.
The two-headed ogre is severely wounded.
The two-headed ogre hits you with a +0 giant club!!
* * * LOW HITPOINT WARNING * * *
The two-headed ogre hits you with a +0 giant club!!
You die...

#..# .. #..#
##### #..
#..##.....
#...##.........
#..#>.........
#.............
#.............
#....@.......
#.?..O.......
##...........
#...........
#.<.........
#...........
#.##.........
#. ##........ #
#####....


You could see a two-headed ogre.

Vanquished Creatures
  A wraith (D:6)
  2 steam dragons (D:7)
  Menkaure (D:6)
  A black bear (D:5)
  An ogre (D:5)
  A centaur (D:5)
  4 phantoms
  The ghost of Encipher the Changer, an amateur OpTm (D:3)
  2 kobold brigands
  3 bullfrogs
  A water moccasin zombie (D:5)
  2 necrophages
  2 scorpions (D:7)
  2 water moccasin skeletons (D:5)
  3 wights (D:7)
  A bullfrog zombie (D:5)
  3 hounds
  2 jellies
  A bullfrog skeleton (D:5)
  3 iguanas
  4 orc wizards
  2 scorpion zombies (D:5)
  A hound skeleton (D:5)
  A hound zombie (D:5)
  A howler monkey skeleton (D:5)
  10 adders
  3 shadow imps
  3 white imps (D:7)
  2 worms
  6 dart slugs
  13 orcs
  5 ball pythons
  4 bats
  3 endoplasms
  5 giant cockroaches
  3 goblins
  10 hobgoblins
  13 jackals
  17 kobolds
  2 quokkas (D:2)
  3 frilled lizards
  4 rats
152 creatures vanquished.

Vanquished Creatures (others)
  An iguana (D:7)
  3 orcs (D:7)
  2 withered plants (D:5)
6 creatures vanquished.

Grand Total: 158 creatures vanquished

Notes
Turn   | Place    | Note
-------+----------+-------------------------------------------
     0 | D:1      | NinjaNoafa the Hill Orc Fighter began the quest for the
                  | Orb.
     0 | D:1      | Reached XP level 1. HP: 19/19 MP: 1/1
    59 | D:1      | Reached skill level 3 in Axes
   155 | D:1      | Reached XP level 2. HP: 26/26 MP: 2/2
   180 | D:1      | Reached skill level 4 in Axes
   348 | D:1      | Reached XP level 3. HP: 30/31 MP: 3/3
   622 | D:1      | Reached skill level 5 in Axes
   807 | D:2      | Found a faded altar of an unknown god.
   880 | D:2      | Reached XP level 4. HP: 33/39 MP: 4/4
  1197 | D:2      | Reached skill level 6 in Axes
  1719 | D:3      | Reached XP level 5. HP: 45/45 MP: 5/5
  2117 | D:3      | Found a runed translucent door.
  2127 | D:3      | Noticed Encipher's ghost (amateur OpTm)
  2466 | D:3      | Killed Encipher's ghost
  2467 | D:3      | Reached skill level 7 in Axes
  2937 | D:4      | Found Eckid's General Store.
  3004 | D:4      | Bought a scroll of teleportation for 36 gold pieces
  3018 | D:4      | Reached skill level 8 in Axes
  3018 | D:4      | Reached XP level 6. HP: 51/51 MP: 6/6
  3518 | D:5      | Entered Level 5 of the Dungeon
  3622 | D:5      | Reached skill level 9 in Axes
  3691 | D:5      | Reached XP level 7. HP: 41/57 MP: 7/7
  3784 | D:5      | Reached skill level 10 in Axes
  3892 | D:5      | Reached skill level 11 in Axes
  3968 | D:5      | Reached XP level 8. HP: 52/64 MP: 8/8
  4029 | D:5      | Reached skill level 12 in Axes
  4289 | D:5      | Found a runed translucent door.
  4290 | D:5      | Noticed Crazy Yiuf
  4776 | D:6      | Reached skill level 13 in Axes
  4907 | D:6      | Found an ancient bone altar of Kikubaaqudgha.
  4943 | D:6      | Noticed Menkaure
  4953 | D:6      | Killed Menkaure
  5081 | D:6      | Noticed a wraith
  5088 | D:6      | Killed a wraith
  5089 | D:6      | Reached skill level 14 in Axes
  5226 | D:6      | Reached XP level 9. HP: 70/70 MP: 9/9
  5895 | D:6      | Reached skill level 15 in Axes
  6308 | D:7      | Found a staircase to the Ecumenical Temple.
  6463 | Temple   | Entered the Ecumenical Temple
  6697 | D:7      | Became a worshipper of Beogh the Brigand
  7008 | D:7      | Reached skill level 16 in Axes
  7128 | D:7      | Reached * piety under Beogh
  7378 | D:7      | Found a shadowy altar of Dithmenos.
  7411 | D:7      | Found a blossoming altar of Fedhas.
  7474 | D:8      | Noticed a two-headed ogre
  7483 | D:8      | Mangled by a two-headed ogre

Illustrated notes

Levels and vault maps discovered:
D:1:      sevenhm_arrival_forest_fort_small_3, layout_basic, minmay_tetromino_t2
D:2:      layout_basic, hellmonk_ecumenical_altar_blasted, st_stairs_9
D:3:      layout_basic, ebering_ghost_reflecting_pool
D:4:      layout_basic, serial_shops, nicolae_shop_window_shopping
D:5:      layout_loops_ring, serial_undead, serial_undead_b, serial_undead_b,
          serial_undead_d, serial_undead_a, uniq_crazy_yiuf_cottage
D:6:      layout_basic, nicolae_kikubaaqudgha_miasma_corner,
          serial_co_window_serial, co_window_corner_a,
          co_window_of_opportunity_a, co_window_paths_b, co_window_paths_a,
          co_window_paths_b, co_window_of_opportunity_b, co_window_broadway_a,
          co_window_broadway_c, co_window_unsneaky_path_d, glass_columns_c,
          uniq_menkaure
D:7:      layout_rooms, mainiacjoe_overflow_two_lobes, temple_pool_b,
          minmay_increasing_density
D:8:      layout_cave_pods, mainiacjoe_overflow_small_starburst,
          lair_entry_dummy
Temple:   eino_narrow_crystal_temple

Skill      XL: |  1  2  3  4  5  6  7  8  9 |
---------------+----------------------------+-----
Axes           | 3 4 5 6 8 9 11 14 16 | 16.0
Fighting       | 4 |  4.3
Armour         | 4 |  4.0
Shields        | 4 |  4.0

Action                   |  1- 3 |  4- 6 |  7- 9 || total
-------------------------+-------+-------+-------++-------
Melee: War axe           |   116 |   172 |   219 ||   507
Throw: Javelin           |       |     8 |     4 ||    12
       Boomerang         |       |       |     6 ||     6
Invok: Convert to Beogh  |       |       |     1 ||     1
Evoke: Wand              |       |       |     1 ||     1
Armor: Scale mail        |    86 |    52 |       ||   138
       Chain mail        |       |    41 |   119 ||   160
Dodge: Dodged            |    75 |    54 |    44 ||   173
Block: Buckler           |    42 |    39 |    38 ||   119

Table legend: (Time is in decaauts)
 A = Elapsed time spent in this place.
 B = Non-inter-level travel time spent in this place.
 C = Inter-level travel time spent in this place.
 D = Time resting spent in this place.
 E = Time spent auto-exploring this place.
 F = Levels seen in this place.
 G = Mean time per level.
                   A        B        C        D        E       F      G
               +--------+--------+--------+--------+--------+-----+--------+
         Total |   7526 |   7226 |    300 |      0 |   5995 |   9 |  836.2 |
       Dungeon |   7335 |   7049 |    286 |      0 |   5828 |   8 |  916.9 |
        Temple |    191 |    177 |     14 |      0 |    167 |   1 |  191.0 |
               +--------+--------+--------+--------+--------+-----+--------+

Top non-repeatable levels by time:
     D:6: 1363 daAuts
     D:5: 1222 daAuts
     D:7: 1157 daAuts
     D:4: 984 daAuts
     D:3: 963 daAuts
     D:1: 830 daAuts
     D:2: 805 daAuts
  Temple: 191 daAuts
     D:8: 7 daAuts
